| TOP OF THE 1ST |
|
Scranton WB RailRiders batting - Pitching for Toledo Mud Hens : RHP Wayne McAllister
|
|
Pitching: RHP Wayne McAllister
|
|
|
Batting: RHB Neal Tinoco
|
0-0: Ball 1-0: Swinging Strike 1-1: Ball 2-1: Ball 3-1: Base on Balls
|
|
Batting: RHB Russ Shambaugh
|
0-0: Called Strike 0-1: Ball 1-1: Ball 2-1: Foul Ball, location: 2F 2-2: Foul Ball, location: 2F 2-2: Grounds into double play, 5-4-3 (Groundball, 56, EV 84.4 MPH)
|
|
Batting: RHB Jeremy Boerman
|
0-0: Called Strike 0-1: Foul Ball, location: 2F 0-2: Strikes out swinging
|
| Top of the 1st over - 0 runs, 0 hits, 0 errors, 0 left on base; Scranton WB 0 - Toledo 0 |
| BOTTOM OF THE 1ST |
|
Toledo Mud Hens batting - Pitching for Scranton WB RailRiders : LHP Steve Johnson
|
|
Pitching: LHP Steve Johnson
|
|
|
Batting: RHB Paul Wood
|
0-0: Ball 1-0: Swinging Strike 1-1: Ball 2-1: Ball 3-1: Foul Ball, location: 2F 3-2: Foul Ball, location: 2F 3-2: Base on Balls
|
|
Batting: LHB Jamel Alexander
|
0-0: Ball 1-0: Ball 2-0: Ball 3-0: Called Strike 3-1: Base on Balls Paul Wood to second
|
|
Batting: LHB Andy Schumacher
|
0-0: Ball 1-0: Swinging Strike 1-1: Ball 2-1: Foul Ball, location: 2F 2-2: Ball 3-2: Fielders Choice at 2nd, 3-6 (Groundball, 34S, EV 88.1 MPH) Paul Wood to third
|
|
Batting: RHB Zach Koblinski
|
0-0: Called Strike 0-1: Fielders Choice at 2nd, 5-4 (Groundball, 5, EV 88.8 MPH) Paul Wood scores
|
|
Batting: RHB Andres de Leon
|
0-0: Ball 1-0: Ball 2-0: Called Strike 2-1: Ground out 5-3 (Groundball, 56, EV 101.9 MPH)
|
| Bottom of the 1st over - 1 run, 0 hits, 0 errors, 1 left on base; Scranton WB 0 - Toledo 1 |
| TOP OF THE 2ND |
|
Scranton WB RailRiders batting - Pitching for Toledo Mud Hens : RHP Wayne McAllister
|
|
Batting: SHB Cristiano Serrão
|
0-0: Called Strike 0-1: SINGLE (Groundball, 25, EV 68.8 MPH) (infield hit)
|
|
Batting: RHB Pat Bernier
|
0-0: Called Strike 0-1: Ball 1-1: Ball 2-1: Ball 3-1: Swinging Strike 3-2: Foul Ball, location: 2F 3-2: Base on Balls Cristiano Serrão to second
|
|
Batting: RHB Ryan Alban
|
0-0: Swinging Strike 0-1: Swinging Strike 0-2: Ball 1-2: Fly out, F8 (Flyball, 8RXD, EV 87.5 MPH) Runner from 2nd tags up, SAFE at 3rd, no throw by CF
|
|
Batting: LHB Frank Mullen
|
0-0: Called Strike 0-1: Called Strike 0-2: Ball 1-2: Ball Wild Pitch! Cristiano Serrão scores Pat Bernier to second 2-2: Ball 3-2: Base on Balls
|
|
Batting: LHB Justin Covington
|
0-0: Ball 1-0: Ball 2-0: Ball 3-0: Called Strike 3-1: Base on Balls Pat Bernier to third Frank Mullen to second
|
|
Batting: RHB Willie Childs
|
0-0: Foul Ball, location: 2F 0-1: Ball 1-1: Ball 2-1: Foul Ball, location: 2F 2-2: Ball 3-2: Base on Balls Pat Bernier scores Frank Mullen to third Justin Covington to second
|
|
Batting: RHB Neal Tinoco
|
0-0: Ball 1-0: Ball 2-0: Swinging Strike 2-1: Ball 3-1: Swinging Strike 3-2: Foul Ball, location: 2F 3-2: Fielders Choice at 2nd, 6-4 (Groundball, 6, EV 84.4 MPH) Frank Mullen scores Justin Covington to third
|
|
Batting: RHB Russ Shambaugh
|
0-0: Called Strike 0-1: Fly out, F7 (Flyball, 7LS, EV 75.0 MPH)
|
| Top of the 2nd over - 3 runs, 1 hit, 0 errors, 2 left on base; Scranton WB 3 - Toledo 1 |
| BOTTOM OF THE 2ND |
|
Toledo Mud Hens batting - Pitching for Scranton WB RailRiders : LHP Steve Johnson
|
|
Batting: SHB Jamie Roberts
|
0-0: Fly out, F8 (Flyball, 8LM, EV 84.4 MPH)
|
|
Batting: RHB Dave Calder
|
0-0: Foul Ball, location: 2F 0-1: Ground out 6-3 (Groundball, 6, EV 83.1 MPH)
|
|
Batting: RHB Josh Stinnett
|
0-0: Foul Ball, location: 2F 0-1: Ball 1-1: Ball 2-1: SINGLE (Groundball, 6M, EV 100.0 MPH) (infield hit)
|
|
Batting: LHB Howie Gutierrez
|
0-0: Ball 1-0: Ball 2-0: Foul Ball, location: 2F 2-1: Called Strike 2-2: Hit by Pitch Josh Stinnett to second
|
|
Batting: RHB Paul Wood
|
0-0: Called Strike 0-1: Called Strike 0-2: Ball 1-2: Foul Ball, location: 2F 1-2: Ball 2-2: Ground out 1-3 (Groundball, 15S, EV 74.4 MPH)
|
| Bottom of the 2nd over - 0 runs, 1 hit, 0 errors, 2 left on base; Scranton WB 3 - Toledo 1 |
| TOP OF THE 3RD |
|
Scranton WB RailRiders batting - Pitching for Toledo Mud Hens : RHP Wayne McAllister
|
|
Batting: RHB Jeremy Boerman
|
0-0: Ball 1-0: Ball 2-0: Ground out 6-3 (Groundball, 6, EV 93.1 MPH)
|
|
Batting: SHB Cristiano Serrão
|
0-0: Ball 1-0: Called Strike 1-1: Ball 2-1: Ball 3-1: Base on Balls
|
|
Batting: RHB Pat Bernier
|
0-0: Ball 1-0: Fielders Choice at 2nd, 4-6 (Groundball, 34, EV 83.8 MPH)
|
|
Batting: RHB Ryan Alban
|
0-0: Called Strike 0-1: Foul Ball, location: 2F 0-2: Ball 1-2: Ball 2-2: Foul Ball, location: 2F 2-2: Ball 3-2: Base on Balls Pat Bernier to second
|
|
Batting: LHB Frank Mullen
|
0-0: Ball 1-0: Ball 2-0: Ball 3-0: Base on Balls Pat Bernier to third Ryan Alban to second
|
|
Batting: LHB Justin Covington
|
0-0: Ball 1-0: Ball 2-0: Ball 3-0: Called Strike 3-1: Called Strike 3-2: Foul Ball, location: 2F 3-2: Foul Ball, location: 2F 3-2: Foul Ball, location: 2F 3-2: Base on Balls Pat Bernier scores Ryan Alban to third Frank Mullen to second
|
|
Batting: RHB Willie Childs
|
0-0: Called Strike 0-1: Ball 1-1: Foul Ball, location: 2F 1-2: Ball 2-2: Fielders Choice at 2nd, 6-4 (Groundball, 6, EV 86.9 MPH)
|
| Top of the 3rd over - 1 run, 0 hits, 0 errors, 3 left on base; Scranton WB 4 - Toledo 1 |
| BOTTOM OF THE 3RD |
|
Toledo Mud Hens batting - Pitching for Scranton WB RailRiders : LHP Steve Johnson
|
|
Batting: LHB Jamel Alexander
|
0-0: Foul Ball, location: 2F 0-1: Hit by Pitch
|
|
Batting: LHB Andy Schumacher
|
0-0: Ball 1-0: Called Strike 1-1: Ball 2-1: SINGLE (Line Drive, 89S, EV 107.5 MPH) Jamel Alexander to second
|
|
Batting: RHB Zach Koblinski
|
0-0: Foul Ball, location: 2F 0-1: Swinging Strike 0-2: Strikes out swinging
|
|
Batting: RHB Andres de Leon
|
0-0: Called Strike 0-1: Called Strike 0-2: Ball 1-2: Ball 2-2: Foul Ball, location: 2F 2-2: Strikes out swinging
|
|
Batting: SHB Jamie Roberts
|
0-0: Ball 1-0: Ball 2-0: Called Strike 2-1: Foul Ball, location: 2F 2-2: Ball 3-2: Ground out 6-3 (Groundball, 6, EV 103.8 MPH)
|
| Bottom of the 3rd over - 0 runs, 1 hit, 0 errors, 2 left on base; Scranton WB 4 - Toledo 1 |
| TOP OF THE 4TH |
|
Scranton WB RailRiders batting - Pitching for Toledo Mud Hens : RHP Wayne McAllister
|
|
Batting: RHB Neal Tinoco
|
0-0: Ball 1-0: Swinging Strike 1-1: Ball 2-1: Ball 3-1: Swinging Strike 3-2: Strikes out swinging
|
|
Batting: RHB Russ Shambaugh
|
0-0: Ball 1-0: Called Strike 1-1: Reached on error, E6 (Groundball, 6, EV 87.5 MPH)
|
|
Batting: RHB Jeremy Boerman
|
0-0: Called Strike 0-1: Ball 1-1: Ground out U3 (Groundball, 34, EV 106.9 MPH) Russ Shambaugh to third
|
|
Batting: SHB Cristiano Serrão
|
0-0: Ball 1-0: Called Strike 1-1: Foul Ball, location: 2F 1-2: Foul Ball, location: 2F 1-2: Ball 2-2: Foul Ball, location: 2F 2-2: Ball 3-2: Foul Ball, location: 2F 3-2: Foul Ball, location: 2F 3-2: Ground out 6-3 (Groundball, 6, EV 85.0 MPH)
|
| Top of the 4th over - 0 runs, 0 hits, 1 error, 1 left on base; Scranton WB 4 - Toledo 1 |
| BOTTOM OF THE 4TH |
|
Toledo Mud Hens batting - Pitching for Scranton WB RailRiders : LHP Steve Johnson
|
|
Batting: RHB Dave Calder
|
0-0: Ball 1-0: Ball 2-0: Swinging Strike 2-1: SINGLE (Groundball, 4D, EV 105.6 MPH)
|
|
Batting: RHB Josh Stinnett
|
0-0: Ball 1-0: Ball 2-0: Foul Ball, location: 2F 2-1: SINGLE (Line Drive, 9S, EV 92.5 MPH) Dave Calder to second Runner from 2nd tries for 3rd, SAFE, throw by RF made to third
|
|
Batting: LHB Howie Gutierrez
|
0-0: Called Strike 0-1: Ball 1-1: Ball 2-1: Foul Ball, location: 2F 2-2: Grounds into double play, 4-6-3 (Groundball, 4, EV 80.6 MPH) Dave Calder scores
|
|
Batting: RHB Paul Wood
|
0-0: Ball 1-0: Ball 2-0: Ball 3-0: Base on Balls
|
|
Batting: LHB Jamel Alexander
|
0-0: Ball 1-0: DOUBLE (Line Drive, 7LD, EV 103.8 MPH) Paul Wood to third Runner from 3rd tries for Home, SAFE, no throw by LF
|
|
Batting: LHB Andy Schumacher
|
0-0: Ball 1-0: Swinging Strike 1-1: Ball 2-1: Foul Ball, location: 2F 2-2: Ball 3-2: Fly out, F4 (Popup, 4M, EV 64.4 MPH)
|
| Bottom of the 4th over - 2 runs, 3 hits, 0 errors, 1 left on base; Scranton WB 4 - Toledo 3 |
| TOP OF THE 5TH |
|
Scranton WB RailRiders batting - Pitching for Toledo Mud Hens : RHP Wayne McAllister
|
|
Pitching: RHP Alexis Priego
|
|
|
Batting: RHB Pat Bernier
|
0-0: Called Strike 0-1: Ball 1-1: SINGLE (Line Drive, 78M, EV 97.5 MPH)
|
|
Batting: RHB Ryan Alban
|
0-0: Called Strike 0-1: Foul Ball, location: 2F 0-2: Ball 1-2: Foul Ball, location: 2F 1-2: Ball 2-2: Foul Ball, location: 2F 2-2: Ball 3-2: DOUBLE (Line Drive, 89D, EV 112.5 MPH) Pat Bernier to third
|
|
Batting: LHB Frank Mullen
|
0-0: Called Strike 0-1: Foul Ball, location: 2F 0-2: Ball 1-2: 3-RUN HOME RUN (Line Drive, 9D, EV 98.8 MPH), Distance : 375 ft
|
|
Batting: LHB Justin Covington
|
0-0: Ball 1-0: Foul Ball, location: 2F 1-1: Ball 2-1: Fly out, F6 (Line Drive, 6, EV 66.9 MPH)
|
|
Batting: RHB Willie Childs
|
0-0: Foul Ball, location: 2F 0-1: Ball 1-1: SINGLE (Groundball, 4D, EV 110.0 MPH)
|
|
Batting: RHB Neal Tinoco
|
0-0: Ball 1-0: Foul Ball, location: 2F 1-1: Called Strike 1-2: Foul Ball, location: 2F 1-2: Ball 2-2: Foul Ball, location: 2F 2-2: Foul Ball, location: 2F 2-2: Strikes out looking
|
|
Batting: RHB Russ Shambaugh
|
0-0: Ball 1-0: Foul Ball, location: 2F 1-1: Called Strike 1-2: Foul Ball, location: 2F 1-2: Strikes out swinging
|
| Top of the 5th over - 3 runs, 4 hits, 0 errors, 1 left on base; Scranton WB 7 - Toledo 3 |
| BOTTOM OF THE 5TH |
|
Toledo Mud Hens batting - Pitching for Scranton WB RailRiders : LHP Steve Johnson
|
|
Batting: RHB Zach Koblinski
|
0-0: Ball 1-0: Ball 2-0: Ball 3-0: Base on Balls
|
|
Batting: RHB Andres de Leon
|
0-0: Called Strike 0-1: Ball 1-1: Ball 2-1: Ball 3-1: Fielders Choice at 2nd, 4-6 (Groundball, 4, EV 91.3 MPH)
|
|
Batting: SHB Jamie Roberts
|
0-0: Called Strike 0-1: Ball 1-1: Called Strike 1-2: Foul Ball, location: 2F 1-2: Foul Ball, location: 2F 1-2: Ball Andres de Leon steals 2nd base 2-2: Ground out 6-3 (Groundball, 6M, EV 106.3 MPH) Andres de Leon to third
|
|
Pitching: LHP Cody Kane
|
|
|
Batting: RHB Dave Calder
|
0-0: Ball 1-0: Ball 2-0: Called Strike 2-1: Ball 3-1: Called Strike 3-2: Base on Balls
|
|
Batting: RHB Josh Stinnett
|
0-0: Foul Ball, location: 2F 0-1: Fly out, F7 (Flyball, 7, EV 91.9 MPH)
|
| Bottom of the 5th over - 0 runs, 0 hits, 0 errors, 2 left on base; Scranton WB 7 - Toledo 3 |
| TOP OF THE 6TH |
|
Scranton WB RailRiders batting - Pitching for Toledo Mud Hens : RHP Alexis Priego
|
|
Pitching: RHP Will Lane
|
|
|
Batting: RHB Jeremy Boerman
|
0-0: Called Strike 0-1: Ball 1-1: Ball 2-1: Ball 3-1: Called Strike 3-2: Ground out 4-3 (Groundball, 4M, EV 80.0 MPH)
|
|
Batting: SHB Cristiano Serrão
|
0-0: Called Strike 0-1: SOLO HOME RUN (Flyball, 9LD, EV 95.0 MPH), Distance : 347 ft
|
|
Batting: RHB Pat Bernier
|
0-0: Ball 1-0: Ball 2-0: DOUBLE (Groundball, 5L, EV 100.6 MPH)
|
|
Batting: RHB Ryan Alban
|
0-0: Foul Ball, location: 2F 0-1: Ball 1-1: Ball 2-1: Ball 3-1: Base on Balls
|
|
Batting: LHB Frank Mullen
|
0-0: Called Strike Pat Bernier steals 3rd base Ryan Alban to second 0-1: Foul Ball, location: 2F 0-2: Ball 1-2: Ball 2-2: Ground out 5-3 (Groundball, 5, EV 78.8 MPH)
|
|
Batting: LHB Justin Covington
|
0-0: Called Strike 0-1: Called Strike 0-2: Ball 1-2: Foul Ball, location: 2F 1-2: Ball 2-2: Fly out, F7 (Flyball, 78M, EV 90.6 MPH)
|
| Top of the 6th over - 1 run, 2 hits, 0 errors, 2 left on base; Scranton WB 8 - Toledo 3 |
| BOTTOM OF THE 6TH |
|
Toledo Mud Hens batting - Pitching for Scranton WB RailRiders : LHP Cody Kane
|
|
Batting: LHB Howie Gutierrez
|
0-0: Called Strike 0-1: SINGLE (Line Drive, 8RM, EV 97.5 MPH)
|
|
Batting: RHB Paul Wood
|
0-0: Swinging Strike 0-1: Swinging Strike 0-2: Foul Ball, location: 2F 0-2: Ball 1-2: Foul Ball, location: 2F 1-2: Ball 2-2: SINGLE (Groundball, 4MD, EV 100.6 MPH) Howie Gutierrez to second Runner from 2nd tries for 3rd, SAFE after rundown.
|
|
Batting: LHB Jamel Alexander
|
0-0: Called Strike 0-1: Ball 1-1: Fly out, F8 (Flyball, 8LD, EV 95.6 MPH) Runner from 3rd tags up, SCORES, no throw by CF
|
|
Batting: LHB Andy Schumacher
|
0-0: Ball 1-0: Ball 2-0: Called Strike 2-1: Called Strike 2-2: Strikes out swinging
|
|
Batting: RHB Zach Koblinski
|
0-0: Fielders Choice at 2nd, 5-4 (Groundball, 56, EV 100.6 MPH)
|
| Bottom of the 6th over - 1 run, 2 hits, 0 errors, 1 left on base; Scranton WB 8 - Toledo 4 |
| TOP OF THE 7TH |
|
Scranton WB RailRiders batting - Pitching for Toledo Mud Hens : RHP Will Lane
|
|
Pitching: RHP Ken Howington
|
|
|
Batting: RHB Willie Childs
|
0-0: Called Strike 0-1: Called Strike 0-2: Strikes out swinging
|
|
Batting: RHB Neal Tinoco
|
0-0: Swinging Strike 0-1: Ball 1-1: Fly out, F3 (Popup, 3, EV 78.1 MPH)
|
|
Batting: RHB Russ Shambaugh
|
0-0: Ball 1-0: Ball 2-0: Called Strike 2-1: DOUBLE (Line Drive, 78M, EV 113.1 MPH)
|
|
Batting: RHB Jeremy Boerman
|
0-0: Foul Ball, location: 2F 0-1: Ball 1-1: Foul Ball, location: 2F 1-2: Ball 2-2: Ground out 5-3 (Groundball, 56, EV 80.0 MPH)
|
| Top of the 7th over - 0 runs, 1 hit, 0 errors, 1 left on base; Scranton WB 8 - Toledo 4 |
| BOTTOM OF THE 7TH |
|
Toledo Mud Hens batting - Pitching for Scranton WB RailRiders : LHP Cody Kane
|
|
Batting: RHB Andres de Leon
|
0-0: Ball 1-0: Ground out 3-1 (Groundball, 34, EV 106.3 MPH)
|
|
Batting: SHB Jamie Roberts
|
0-0: Ball 1-0: Called Strike 1-1: Ball 2-1: Swinging Strike 2-2: Ball 3-2: Fly out, F8 (Flyball, 8LXD, EV 91.3 MPH)
|
|
Batting: RHB Dave Calder
|
0-0: Swinging Strike 0-1: Ball 1-1: Ball 2-1: Swinging Strike 2-2: Strikes out swinging
|
| Bottom of the 7th over - 0 runs, 0 hits, 0 errors, 0 left on base; Scranton WB 8 - Toledo 4 |
| TOP OF THE 8TH |
|
Scranton WB RailRiders batting - Pitching for Toledo Mud Hens : RHP Ken Howington
|
|
Pitching: RHP Mario Napoles
|
|
|
Batting: SHB Cristiano Serrão
|
0-0: Ball 1-0: Swinging Strike 1-1: Ball 2-1: Fly out, F6 (Popup, 6MS, EV 83.8 MPH)
|
|
Batting: RHB Pat Bernier
|
0-0: Ball 1-0: Ball 2-0: Ball 3-0: Base on Balls
|
|
Batting: RHB Ryan Alban
|
0-0: Foul Ball, location: 2F 0-1: Ball 1-1: Called Strike 1-2: Foul Ball, location: 2F 1-2: Foul Ball, location: 2F 1-2: Ball 2-2: Strikes out looking
|
|
Batting: LHB Frank Mullen
|
0-0: Ball 1-0: Ball Wild Pitch! Pat Bernier to second 2-0: Called Strike 2-1: Ball 3-1: Called Strike 3-2: Base on Balls
|
|
Batting: LHB Justin Covington
|
0-0: Called Strike 0-1: Foul Ball, location: 2F 0-2: Ball 1-2: Foul Ball, location: 2F 1-2: Strikes out swinging
|
| Top of the 8th over - 0 runs, 0 hits, 0 errors, 2 left on base; Scranton WB 8 - Toledo 4 |
| BOTTOM OF THE 8TH |
|
Toledo Mud Hens batting - Pitching for Scranton WB RailRiders : LHP Cody Kane
|
|
Pitching: RHP Bao-qing Bu
|
|
|
Batting: RHB Josh Stinnett
|
0-0: SINGLE (Groundball, 56D, EV 106.3 MPH)
|
|
Batting: LHB Howie Gutierrez
|
0-0: Swinging Strike 0-1: Ball 1-1: Swinging Strike 1-2: Foul Ball, location: 2F 1-2: Strikes out looking
|
|
Batting: RHB Paul Wood
|
0-0: Fielders Choice at 2nd, 5-4 (Groundball, 56, EV 80.6 MPH)
|
|
Batting: LHB Jamel Alexander
|
0-0: Fly out, F5 (Popup, 56, EV 66.9 MPH)
|
| Bottom of the 8th over - 0 runs, 1 hit, 0 errors, 1 left on base; Scranton WB 8 - Toledo 4 |
| TOP OF THE 9TH |
|
Scranton WB RailRiders batting - Pitching for Toledo Mud Hens : RHP Mario Napoles
|
|
Batting: RHB Willie Childs
|
0-0: Ball 1-0: Ball 2-0: Called Strike 2-1: Ball 3-1: Ground out 5-3 (Groundball, 56, EV 102.5 MPH)
|
|
Batting: RHB Neal Tinoco
|
0-0: Swinging Strike 0-1: Ball 1-1: Ball 2-1: Ball 3-1: Ground out 5-3 (Groundball, 5S, EV 93.8 MPH)
|
|
Batting: RHB Russ Shambaugh
|
0-0: Ball 1-0: Called Strike 1-1: Called Strike 1-2: Foul Ball, location: 2F 1-2: Ball 2-2: Strikes out looking
|
| Top of the 9th over - 0 runs, 0 hits, 0 errors, 0 left on base; Scranton WB 8 - Toledo 4 |
| BOTTOM OF THE 9TH |
|
Toledo Mud Hens batting - Pitching for Scranton WB RailRiders : RHP Bao-qing Bu
|
|
Batting: LHB Andy Schumacher
|
0-0: Ball 1-0: Foul Ball, location: 2F 1-1: Foul Ball, location: 2F 1-2: Ball 2-2: Fly out, F9 (Flyball, 9S, EV 88.1 MPH)
|
|
Batting: RHB Zach Koblinski
|
0-0: Ball 1-0: Ball 2-0: Foul Ball, location: 2F 2-1: Foul Ball, location: 2F 2-2: Foul Ball, location: 2F 2-2: Foul Ball, location: 2F 2-2: SINGLE (Groundball, 56S, EV 70.6 MPH) (infield hit)
|
|
Batting: RHB Andres de Leon
|
0-0: SINGLE (Groundball, 56D, EV 102.5 MPH) Zach Koblinski to second
|
|
Pitching: RHP Tom Kelley
|
|
|
Batting: SHB Jamie Roberts
|
0-0: Ball 1-0: Fielders Choice at 2nd, 4-6 (Groundball, 4, EV 85.6 MPH) Zach Koblinski to third
|
|
Batting: RHB Dave Calder
|
0-0: Ball 1-0: Ball 2-0: Ground out 4-3 (Groundball, 4, EV 108.8 MPH)
|
| Bottom of the 9th over - 0 runs, 2 hits, 0 errors, 2 left on base; Scranton WB 8 - Toledo 4 |
|